 Dungeon Crawl Stone Soup version 0.25-a0-294-gea9b1ad378 (webtiles) character file.

Game seed: 9466616225749258101, levelgen mode: deterministic

11359 MoonlitKnight the Cleaver (level 11, -1/148 HPs)
             Began as a Hill Orc Fighter on Dec 18, 2019.
             Was an Elder of Beogh.
             Slain by an elephant (10 damage)
             ... on level 3 of the Lair of Beasts.
             The game lasted 00:29:01 (12378 turns).

MoonlitKnight the Cleaver (Hill Orc Fighter)       Turns: 12378, Time: 00:29:01

Health: -1/148     AC: 28    Str: 23    XL:     11   Next: 76%
Magic:  16/17      EV:  2    Int:  8    God:    Beogh [****..]
Gold:   538        SH:  0    Dex: 15    Spells: 10/10 levels left

rFire    . . .     SeeInvis +   a - +0 war axe
rCold    . . .     Gourm    .   (no shield)
rNeg     + + +     Faith    .   (armour currently unavailable)
rPois    +         Spirit   .   (helmet currently unavailable)
rElec    .         Reflect  .   (cloak currently unavailable)
rCorr    .         Harm     .   (gloves currently unavailable)
MR       .....     NoTele   +   (boots currently unavailable)
Stlth    ++........             (no amulet)
HPRegen  0.34/turn              H - ring of see invisible
MPRegen  0.15/turn              g - +3 ring of protection

@: agile, tree-form
A: no striking features
a: Smiting, Recall Orcish Followers, Renounce Religion


You were on level 3 of the Lair of Beasts.
You worshipped Beogh.
Beogh was greatly pleased with you.
You were not hungry.
You were a tree.
You visited 2 branches of the dungeon, and saw 12 of its levels.

You collected 538 gold pieces.

Inventory:

Hand Weapons
 a - a +0 war axe (weapon)
 m - a +0 hunting sling
Missiles
 b - 3 atropa-tipped darts
 n - 131 sling bullets
 y - 37 poisoned darts (quivered)
Armour
 i - a +2 helmet (melded)
 o - a +0 chain mail
 q - a +2 cloak (melded)
 A - a +0 pair of gloves (melded)
 N - a +2 shield
 P - the cursed +1 chain mail of Freedom (melded) {rC++ MR-}
   (You found it on level 2 of the Lair of Beasts)

   It greatly protects you from cold.
   It affects your resistance to hostile enchantments.
   It has a curse placed upon it.
Jewellery
 g - a +3 ring of protection (right branch)
 u - a +2 ring of protection
 H - a ring of see invisible (left branch)
 I - an uncursed ring of magical power {unknown}
 J - an uncursed ring of protection from cold {unknown}
 T - an uncursed ring of flight {unknown}
Wands
 p - a wand of clouds (4)
 t - a wand of flame (14)
 x - a wand of scattershot (6)
 C - a wand of acid (6)
 F - a wand of random effects (8)
 M - a wand of digging (6)
Scrolls
 r - a scroll of vulnerability {unknown}
 s - 9 scrolls of identify
 v - 6 scrolls of remove curse
 D - 2 scrolls of blinking {unknown}
 G - 4 scrolls of amnesia {unknown}
 K - a scroll of immolation {unknown}
 L - a scroll of summoning {unknown}
 O - a scroll of enchant armour {unknown}
 R - a scroll of random uselessness {unknown}
 S - a scroll of silence {unknown}
Potions
 c - a potion of brilliance {unknown}
 e - 5 potions of lignification
 h - 4 potions of heal wounds
 j - a potion of agility
 k - 5 potions of cancellation
 l - 10 potions of curing
 w - 3 potions of mutation
 z - a potion of degeneration {unknown}
 B - a potion of magic {unknown}
 E - a potion of flight {unknown}
Comestibles
 d - a chunk of flesh
 f - 10 rations


   Skills:
 + Level 10.0 Fighting
 * Level 13.9 Axes
 + Level 9.1 Armour
 + Level 9.1 Shields
 + Level 8.0 Invocations


You had 10 spell levels left.
You didn't know any spells.
Your spell library contained the following spells:

 Spells                   Type           Power        Failure   Level  Hunger
 Animate Skeleton         Necr           N/A          41%         1    ##.....
 Apportation              Tloc           #.....       41%         1    ##.....
 Confusing Touch          Hex            #.....       41%         1    ##.....
 Foxfire                  Conj/Fire      #...         41%         1    ##.....
 Magic Dart               Conj           #...         41%         1    ##.....
 Sandblast                Erth           #.....       41%         1    ##.....
 Summon Small Mammal      Summ           #...         41%         1    ##.....
 Blink                    Tloc           N/A          54%         2    ###....
 Call Imp                 Summ           #.......     54%         2    ###....
 Passwall                 Tmut/Erth      #.......     54%         2    ###....
 Slow                     Hex            #.......     54%         2    ###....
 Confuse                  Hex            #.......     78%         3    ####...
 Conjure Flame            Conj/Fire      #.......     78%         3    ####...
 Gell's Gravitas          Tloc           #.........   78%         3    ####...
 Inner Flame              Hex/Fire       #.......     78%         3    ####...
 Mephitic Cloud           Conj/Pois/Air  #.......     78%         3    ####...
 Stone Arrow              Conj/Erth      #.....       78%         3    ####...
 Petrify                  Tmut/Erth      #.......     99%         4    #####..
 Sticky Flame             Conj/Fire      #.......     99%         4    #####..
 Fireball                 Conj/Fire      #.........   100%        5    ######.
 Lee's Rapid Deconstruct  Erth           #.........   100%        5    ######.
 Metabolic Englaciation   Hex/Ice        #.........   100%        5    ######.
 Yara's Violent Unravell  Hex/Tmut       #.........   100%        5    ######.


Dungeon Overview and Level Annotations

Branches:
Dungeon (9/15)             Temple (0/1) D:7            Lair (3/6) D:8
  Swamp (0/4) Lair:2
  Snake: Lair:2-4    Spider: Lair:2-4       Orc: D:9-12

Altars:
Elyvilon
Hepliaklqana
Okawaru
Ru

Annotations:
Lair:3 exclusion: 4 oklob plants


Message History

You slash the elephant!
You kill the elephant!
Beogh accepts your kill.
Your Fighting skill increases to level 10!
Your Invocations skill increases to level 8!
You hit the elephant. x2; You hit the elephant but do no damage.
The elephant tramples you!
* * * LOW HITPOINT WARNING * * *
The elephant trunk-slaps you but does no damage.
The elephant tramples you.
* * * LOW HITPOINT WARNING * * *
The elephant trunk-slaps you but does no damage.
Your orc knight hits the elephant with a +2 dagger of venom.
The elephant looks as sick as possible!
The elephant tramples your orc knight.
Your orc knight stumbles backwards!
Morbeogh hits the elephant!!
You hit the elephant.
The elephant is almost dead.
You hit the elephant. You hit the elephant but do no damage.
The elephant tramples you!
You die...

............Y.... ......[r$#
................###....)lP/#
................. #...(PF$.#
...........#....####.####
........[.###...##......#
...........#.....†#.....#
...###....#............##
...##........oY.Y......#
....o.....#....Y♣......##
#...P.......)..Yo.......#
#.####....#............## #.#
#P.....>.........P.## #.#
#..............#PP..#
#.###..............##..P# ###
#..##..............##..####.#
..##....#P..............##o##
..........................o##


You could see 4 elephants, a friendly orc knight and the friendly Morbeogh the
orc warrior.

Vanquished Creatures
  3 elephants
  4 spiny frogs
  A troll (D:6)
  Grinder (D:3)
  Prince Ribbit (D:6)
  A hippogriff (D:9)
  Eustachio (D:5)
  Sigmund (D:3)
  Edmund (D:4)
  2 wargs (D:8)
  2 water moccasins (Lair:1)
  Duvessa (D:6)
  A porcupine (Lair:1)
  2 ice beasts
  2 orc warriors (D:8)
  A sky beast (D:8)
  12 ogres
  3 centaurs
  2 phantoms
  A crocodile (Lair:1)
  6 big kobolds
  6 bullfrogs
  Dowan (D:6)
  A vampire bat (Lair:2)
  3 howler monkeys
  Crazy Yiuf (D:6)
  6 orc priests
  3 hounds
  2 jellies
  5 orc wizards
  2 centaur skeletons
  2 gnoll shamans (D:8)
  An iguana (D:5)
  10 worker ants
  4 hound skeletons
  A howler monkey zombie (D:5)
  6 gnolls (D:8)
  13 adders
  A shadow imp (D:7)
  4 oozes
  2 dart slugs (D:1)
  9 leopard geckos
  34 orcs
  10 bats
  3 giant cockroaches
  9 goblins
  6 hobgoblins
  10 jackals
  4 quokkas
  3 ball pythons
  6 frilled lizards
  A jackal skeleton (D:3)
  15 kobolds
  5 rats
238 creatures vanquished.

Vanquished Creatures (collateral kills)
  2 death yaks (Lair:3)
  2 elephants (Lair:2)
  A torpor snail (Lair:3)
  3 spiny frogs
  3 komodo dragons
  3 water moccasins (Lair:2)
  An orc warrior (D:8)
  2 porcupines
  3 wolves (Lair:2)
  3 crocodiles
  3 bullfrogs
  2 vampire bats (Lair:2)
  An adder (Lair:3)
  A gnoll (D:8)
  A shadow imp (D:9)
  A bat (Lair:2)
  2 fungi
  9 plants
43 creatures vanquished.

Vanquished Creatures (others)
  An orc warrior (Lair:3)
  An orc knight (Lair:3)
  A shadow imp (D:5)
  5 fungi
  5 plants (Lair:3)
13 creatures vanquished.

Grand Total: 294 creatures vanquished

Notes
Turn   | Place    | Note
-------+----------+-------------------------------------------
     0 | D:1      | MoonlitKnight the Hill Orc Fighter began the quest for the
                  | Orb.
     0 | D:1      | Reached XP level 1. HP: 19/19 MP: 1/1
   136 | D:1      | Reached skill level 3 in Axes
   154 | D:1      | Reached XP level 2. HP: 12/27 MP: 2/2
   803 | D:1      | Reached XP level 3. HP: 33/33 MP: 3/3
  1306 | D:2      | Reached skill level 4 in Axes
  1485 | D:2      | Reached XP level 4. HP: 40/40 MP: 4/4
  1541 | D:2      | Found a sacrificial altar of Ru.
  1887 | D:2      | Noticed an ogre
  2324 | D:3      | Reached XP level 5. HP: 47/47 MP: 5/5
  2642 | D:3      | Reached skill level 5 in Axes
  2732 | D:3      | Noticed Sigmund
  2748 | D:3      | Killed Sigmund
  2748 | D:3      | Reached skill level 5 in Fighting
  2748 | D:3      | Reached XP level 6. HP: 54/56 MP: 6/6
  2840 | D:3      | Noticed Grinder
  2853 | D:3      | Killed Grinder
  2853 | D:3      | Reached skill level 6 in Axes
  2853 | D:3      | Reached XP level 7. HP: 43/61 MP: 7/7
  3188 | D:1      | Reached skill level 7 in Axes
  3188 | D:1      | Reached skill level 5 in Armour
  3188 | D:1      | Reached skill level 5 in Shields
  4000 | D:4      | Noticed Edmund
  4011 | D:4      | Killed Edmund
  4011 | D:4      | Reached XP level 8. HP: 68/70 MP: 8/8
  4045 | D:5      | Entered Level 5 of the Dungeon
  4061 | D:5      | Reached skill level 8 in Axes
  4153 | D:5      | Became a worshipper of Beogh the Brigand
  4598 | D:5      | Found a white marble altar of Elyvilon.
  4687 | D:5      | Reached skill level 9 in Axes
  4687 | D:5      | Reached skill level 1 in Invocations
  4834 | D:5      | Found a hazy altar of Hepliaklqana.
  5035 | D:5      | Reached XP level 9. HP: 78/78 MP: 10/10
  5047 | D:5      | Noticed Eustachio
  5078 | D:5      | Killed Eustachio
  5299 | D:6      | Noticed Duvessa
  5299 | D:6      | Noticed Dowan
  5316 | D:6      | Killed Duvessa
  5324 | D:6      | Killed Dowan
  5426 | D:6      | Reached * piety under Beogh
  5546 | D:6      | Found a runed translucent door.
  5547 | D:6      | Noticed Crazy Yiuf
  5576 | D:6      | Noticed Prince Ribbit
  5580 | D:6      | Noticed a troll
  5582 | D:6      | Reached skill level 10 in Axes
  5858 | D:6      | Found an iron altar of Okawaru.
  5925 | D:6      | Killed a troll
  6012 | D:6      | Killed Prince Ribbit
  6282 | D:6      | You fall into a shaft and drop 2 floors!
  6282 | D:8      | Found a staircase to the Lair.
  6614 | D:7      | Reached skill level 11 in Axes
  6930 | D:6      | Killed Crazy Yiuf
  7021 | D:7      | Reached XP level 10. HP: 77/88 MP: 13/13
  7119 | D:7      | Reached ** piety under Beogh
  7163 | D:7      | Reached skill level 5 in Invocations
  7922 | D:7      | Found a staircase to the Ecumenical Temple.
  8409 | D:8      | Reached *** piety under Beogh
  8674 | D:8      | Reached skill level 12 in Axes
  9604 | Lair:1   | Entered Level 1 of the Lair of Beasts
  9693 | Lair:1   | Noticed a spiny frog
  9701 | Lair:1   | Killed a spiny frog
  9986 | Lair:1   | Reached XP level 11. HP: 88/97 MP: 15/15
 10995 | Lair:2   | Reached skill level 13 in Axes
 10996 | Lair:2   | Got a shimmering chain mail
 11014 | Lair:2   | Identified the cursed +1 chain mail of Freedom {rC++ MR-}
                  | (You found it on level 2 of the Lair of Beasts)
 11287 | Lair:2   | Reached **** piety under Beogh
 11287 | Lair:2   | Gained Morbeogh as an ally
 11563 | Lair:2   | Found a staircase to the Swamp.
 11956 | Lair:3   | Noticed a death yak
 11956 | Lair:3   | Noticed a death yak
 11963 | Lair:3   | Killed a death yak
 11970 | Lair:3   | Killed a death yak
 12286 | Lair:3   | Noticed an oklob plant
 12286 | Lair:3   | Noticed an oklob plant
 12286 | Lair:3   | Noticed an oklob plant
 12286 | Lair:3   | Noticed an oklob plant
 12377 | Lair:3   | Reached skill level 10 in Fighting
 12378 | Lair:3   | Slain by an elephant

Levels and vault maps discovered:
D:1:      wander_arrival_lonely_grave, layout_basic
D:2:      layout_basic, nicolae_ru_awakened_eye, serial_park_tiny_2
D:3:      layout_loops_ring, uniq_grinder, uniq_sigmund
D:4:      layout_basic, first_ration, uniq_edmund
D:5:      layout_loops_corners, overflow_temple_1_default,
          kennysheep_little_box, grunt_ministairs_10,
          hangedman_decor_peaks_small, uniq_eustachio
D:6:      layout_loops_ring, lemuel_doored_altar, minmay_small_thing,
          uniq_crazy_yiuf_cottage, uniq_prince_ribbit1, uniq_duvessa
D:7:      layout_basic, minmay_temple_entry_poolview, dk_noncrumbling_3
D:8:      kennysheep_seaside_town, layout_loops_ring, erik_lair_orcish_takeover
D:9:      layout_stronghold, xom_redecorated
Lair:1:   layout_loops_ring, serial_bayou_shore_b
Lair:2:   layout_chaotic_city, swamp_mist, chequers_serial_rivers_small_b,
          roderic_batcave
Lair:3:   layout_gridlike, minmay_snake_entry_six_corridors,
          minmay_lair_oklob_chamber

Skill      XL: |  1  2  3  4  5  6  7  8  9 10 11 |
---------------+----------------------------------+-----
Axes           | 3 4 5 6 7 9 11 12 13 | 13.9
Fighting       | 4 5 6 8 9 10 | 10.0
Shields        | 4 5 6 7 8 9 |  9.1
Armour         | 4 5 6 7 8 9 |  9.1
Invocations    | 2 4 6 8 |  8.0

Action                   |  1- 3 |  4- 6 |  7- 9 | 10-12 || total
-------------------------+-------+-------+-------+-------++-------
Melee: War axe           |    67 |    87 |   414 |   430 ||   998
       Hand axe          |    71 |    91 |       |       ||   162
Throw: Dart              |       |       |     5 |       ||     5
Invok: Convert to Beogh  |       |       |     1 |       ||     1
       Smiting           |       |       |       |     2 ||     2
  Use: Scroll            |     4 |     1 |     1 |     5 ||    11
       Potion            |       |       |     1 |     4 ||     5
 Stab: Distracted        |       |       |       |     2 ||     2
  Eat: Chunk             |     2 |     5 |    10 |    18 ||    35
       Ration            |       |       |     1 |       ||     1
Armor: Scale mail        |    12 |       |       |       ||    12
       Chain mail        |    80 |   120 |   189 |   180 ||   569
       Leather armour    |     3 |       |       |       ||     3
       Skin              |       |       |       |    11 ||    11
Dodge: Dodged            |    39 |    36 |    88 |    84 ||   247
Block: Shield            |    75 |    89 |   192 |   207 ||   563

Table legend:
 A = Non-vault XP
 B = Vault XP
 C = Vault XP percentage of total XP
 D = Non-vault monster count
 E = Vault monster count
 F = Vault count percentage of total count
                 A         B        C        D         E       F
            +---------+---------+-------+---------+---------+-------
      Total |   11668 |    4560 |  28.1 |     215 |      55 |  20.4
            +---------+---------+-------+---------+---------+-------
        D:1 |     158 |       0 |   0.0 |      20 |       0 |   0.0
        D:2 |     113 |       0 |   0.0 |      28 |       0 |   0.0
        D:3 |     122 |     498 |  80.3 |      24 |       2 |   7.7
        D:4 |     224 |     166 |  42.6 |      17 |       1 |   5.6
        D:5 |    1086 |     247 |  18.5 |      23 |       2 |   8.0
        D:6 |     443 |     882 |  66.6 |      20 |       6 |  23.1
        D:7 |    1459 |       0 |   0.0 |      35 |       0 |   0.0
        D:8 |     523 |    2020 |  79.4 |      14 |      29 |  67.4
        D:9 |     228 |       0 |   0.0 |       2 |       0 |   0.0
     Lair:1 |    1581 |       0 |   0.0 |       9 |       0 |   0.0
     Lair:2 |    3803 |     121 |   3.1 |      19 |       9 |  32.1
     Lair:3 |    1928 |     626 |  24.5 |       4 |       6 |  60.0
            +---------+---------+-------+---------+---------+-------
